 Dungeon Crawl Stone Soup version 0.29.1-2-gbd0b4ee654 (webtiles) character file.

Game seed: 7573564506928636654

37 tizbic2 the Shooter (level 3, 0/28 HPs)
             Began as a Demonspawn Hunter on Oct 26, 2022.
             Slain by a gnoll
             ... wielding a +0 whip
              (5 damage)
             ... on level 6 of the Dungeon.
             The game lasted 00:06:47 (1528 turns).

tizbic2 the Shooter (Demonspawn Hunter)             Turns: 1528, Time: 00:06:48

Health: 0/28       AC:  5    Str: 11    XL:     3   Next: 21%
Magic:  12/12      EV: 10    Int: 10    God:
Gold:   167        SH:  0    Dex: 18    Spells: 2/2 levels left

rFire   . . .      SeeInvis .   a - +0 shortbow
rCold   + . .      Faith    .   (shield currently unavailable)
rNeg    . . .      Spirit   .   k - +0 ring mail
rPois   .          Reflect  .   (no helmet)
rElec   .          Harm     .   (no cloak)
rCorr   .          Rampage  .   (no gloves)
Will    .....                   (no boots)
Stlth   +.........              c - amulet of regeneration
HPRegen 0.89/turn               h - ring of magical power
MPRegen 0.13/turn               j - ring of protection from cold

@: no status effects
A: claws 1, powered by death 1
a: no special abilities


You were on level 6 of the Dungeon.
You visited 1 branch of the dungeon, and saw 4 of its levels.

You collected 167 gold pieces.

Inventory:

Hand Weapons
 a - a +0 shortbow (weapon)
 s - a +2 dagger of protection
 v - a +1 trident of flaming
Missiles
 m - 6 curare-tipped darts
 p - 20 stones
Armour
 k - a +0 ring mail (worn)
Jewellery
 c - an amulet of regeneration (around neck)
 h - a ring of magical power (left claw)
 j - a ring of protection from cold (right claw)
 r - an amulet of the acrobat
Scrolls
 b - 2 scrolls of immolation
 d - a scroll of teleportation
 i - a scroll of enchant weapon {unknown}
 u - a scroll of enchant armour {unknown}
Potions
 e - 2 potions of haste {unknown}
 f - a potion of resistance {unknown}
 g - 2 potions of might {unknown}
 n - a potion of heal wounds {unknown}
 o - a potion of lignification {unknown}
 q - a potion of degeneration {unknown}
 t - a potion of cancellation {unknown}


   Skills:
 + Level 2.5 Fighting
 + Level 4.0 Ranged Weapons
 - Level 1.8 Dodging
 - Level 0.9 Stealth
 * Level 1.2 Unarmed Combat


You had 2 spell levels left.
You didn't know any spells.
Your spell library was empty.

Dungeon Overview and Level Annotations

Branches:
Dungeon (3/15)

Altars:


Innate Abilities, Weirdness & Mutations

You have sharp fingernails.
You regenerate a little health from kills.


Message History

You shoot an arrow. The arrow closely misses the goblin.
You shoot an arrow.
The arrow hits the goblin but does no damage.
You shoot an arrow. The arrow hits the goblin.
The goblin is heavily wounded.
The goblin completely misses you. The goblin hits you with a +0 club.
You shoot an arrow. The arrow hits the goblin!
You kill the goblin!
You see here a +0 club.
Found a thick filigree amulet.
Found 5 gold pieces.
There is a stone staircase leading up here.
You now have 167 gold pieces (gained 14).
A sourceless malevolence fills the Dungeon...
You fall into a shaft and drop 3 floors!
The shaft crumbles and collapses.
Found 3 stones.
p - 20 stones (gained 3) 2 gnolls come into view.
The gnoll shouts! x2
A gnoll comes into view. It is wielding a +0 spear.
The gnoll moves out of view.
A steam dragon comes into view.
The steam dragon hisses angrily.
Found a scroll of immolation.
As you read the scroll of butterflies, it crumbles to dust.
You hear the tinkle of a tiny bell.
The gnoll closely misses you.
You swap places.
The steam dragon breathes steam at you. The ball of steam hits your butterfly.
Your butterfly dies!
Your butterfly disappears in a burst of colours!
The ball of steam hits your butterfly!!
Your butterfly dies!
Your butterfly disappears in a burst of colours!
The ball of steam hits you!!
Ouch! That really hurt!
* * * LOW HITPOINT WARNING * * *
The gnoll attacks as you move away! The gnoll hits you with a +0 whip.
You die...

#..g.###... ...
.#..#.g........ .. ..
#... .........# ....
..###.. ........#
.?..###......####.......
.....#b........# .....#
......b.b. #..###....#
.....bbb.####....#...#
......b§@##..........####
.....b.§g#..............#
.....D§bb.b...g..........
....####..............##.
..........b...........#
...........#..........#
...............########
......###......# ...###
#####..#


You could see a steam dragon (catching breath, ally target) and a gnoll (ally
target).

Vanquished Creatures
  An adder (D:2)
  A worm (D:2)
  A dart slug (D:3)
  An endoplasm (D:2)
  A giant cockroach (D:2)
  2 goblins
  A hobgoblin (D:1)
  2 quokkas
  5 ball pythons
  A bat (D:2)
  3 frilled lizards
  3 kobolds
  4 rats
26 creatures vanquished.

Notes
Turn   | Place    | Note
-------+----------+-------------------------------------------
     0 | D:1      | tizbic2 the Demonspawn Hunter began the quest for the Orb.
     0 | D:1      | Reached XP level 1. HP: 16/16 MP: 1/1
    82 | D:1      | Found a faded altar of an unknown god.
   828 | D:2      | Gained mutation: You have sharp fingernails. [demonic
                  | ancestry]
   828 | D:2      | Reached XP level 2. HP: 22/22 MP: 2/2
  1000 | D:2      | HP: 1/22 [worm (7)]
  1207 | D:2      | Reached skill level 4 in Ranged Weapons
  1207 | D:2      | Reached skill level 1 in Unarmed Combat
  1251 | D:2      | Gained mutation: You regenerate a little health from kills.
                  | [demonic ancestry]
  1251 | D:2      | Reached XP level 3. HP: 28/28 MP: 3/3
  1505 | D:3      | You fall into a shaft and drop 3 floors!
  1522 | D:6      | Noticed a steam dragon
  1528 | D:6      | Slain by a gnoll

Illustrated notes

Levels and vault maps discovered:
D:1:      sevenhm_arrival_forest_fort_large_4, layout_basic,
          basic_ecumenical_altar
D:2:      layout_basic, nrook_mini_backslash
D:3:      layout_rooms, nzn_wu_jian_contemplation, minitemple, minivault_26
D:6:      layout_cave_pools, grunt_temple_overflow_open, serial_shops,
          nicolae_stop_n_shop_1

Skill      XL: |  1  2 |
---------------+-------+-----
Ranged Weapons | 4 |  4.0
Unarmed Combat | 1 |  1.2
Fighting       | |  2.5
Dodging        | |  1.8
Stealth        | |  0.9

Action                   || total
-------------------------++-------
Melee: Mace              ||     3
       Dagger            ||     2
 Fire: Shortbow          ||    72
  Use: Scroll            ||     3
Armor: Ring mail         ||    14
       Leather armour    ||     1
Dodge: Dodged            ||    24
